 Dungeon Crawl Stone Soup version 0.18-a0-1805-g8ab820f (webtiles) character file.

462 warlockg3 the Ducker (level 6, -5/61 HPs)
             Began as a Troll Fighter on Apr 25, 2016.
             Slain by an ogre
             ... wielding a +0 giant club
              (19 damage)
             ... on level 4 of the Dungeon.
             The game lasted 01:19:12 (2259 turns).

warlockg3 the Ducker (Troll Fighter)                Turns: 2259, Time: 01:19:12

Health: -5/61      AC:  5    Str: 27    XL:     6   Next: 79%
Magic:  5/5        EV:  9    Int:  4    God:
Gold:   187        SH:  9    Dex:  9    Spells: 0 memorised, 5 levels left

rFire  . . .     SeeInvis .       - Unarmed
rCold  . . .     Gourm    +     a - +0 robe
rNeg   . . .     Faith    .     b - +0 shield
rPois  .         Spirit   .     (helmet restricted)
rElec  .         Dismiss  .     (no cloak)
rCorr  .         Reflect  .     (gloves unavailable)
SustAt .         Harm     .     (boots unavailable)
MR     .....                    (no amulet)
Stlth  +.........               (no ring)
                                (no ring)

@: not resistant to hostile enchantments, very unstealthy
A: unfitting armour, claws 3, fast metabolism 3, gourmand, regeneration 2,
shaggy fur 1, tough skin 2
a: no special abilities


You were on level 4 of the Dungeon.
You were near starving.

You visited 1 branch of the dungeon, and saw 4 of its levels.

You collected 187 gold pieces.

Inventory:

Armour
 a - a +0 robe (worn)
 b - a +0 shield (worn)
Jewellery
 d - an uncursed ring of positive energy {unknown}
 e - a +3 ring of evasion {unknown}
 r - a cursed ring of loudness {unknown}
Scrolls
 f - a scroll of immolation {unknown}
 i - 2 scrolls of fog {unknown}
 j - 3 scrolls of recharging {unknown}
 k - a scroll of enchant armour {unknown}
 l - a scroll of fear {unknown}
 o - a scroll of magic mapping {unknown}
 p - 4 scrolls of identify {unknown}
Potions
 q - a potion of resistance
Comestibles
 g - a meat ration


   Skills:
 + Level 3.4 Fighting
 + Level 4.7 Dodging
 + Level 0.8 Stealth
 - Level 2.7 Shields
 + Level 4.0 Unarmed Combat


You had 5 spell levels left.
You didn't know any spells.

Dungeon Overview and Level Annotations

Branches:
Dungeon (4/15)
 Temple: D:4-7

Altars:
Ashenzari
Qazlal


Innate Abilities, Weirdness & Mutations

You are too large for most types of armour.
You have claws for hands.
Your metabolism is lightning-fast.
You like to eat raw meat.
You heal very quickly.
You are covered in fur (AC +1).
You have very tough skin (AC +2).


Message History

The ogre is heavily wounded.
The ogre hits you with a giant club.
* * * LOW HITPOINT WARNING * * *
You closely miss the ogre.
The ogre is heavily wounded.
You feel less invigorated.
You feel less confused. The ogre hits you with a giant club.
* * * LOW HITPOINT WARNING * * *
The ogre hits you with a giant club!
* * * LOW HITPOINT WARNING * * *
The ogre hits you with a giant club!
* * * LOW HITPOINT WARNING * * *
There is an open door, spattered with blood here.
You see here a hound corpse.
Read which item? (? for menu, Esc to quit)
As you read the scroll labeled WANIPL AT PITOBUST, it crumbles to dust.
You feel blessed for a moment.
It was a scroll of remove curse.
The ogre hits you with a giant club!!
You die...

###.........##.............#
'.'...(.....'......)......>#
###.........##.#.#......##.# #
#.........##.#.#......##.#
#######.####.#........##.#
#######.# #.###......##.#
#.....#.# #.#.#.##......#
#.....#.# #.#.#.##.######
###.....#.# #..@#.##.#
..........# ###O#.##.#
###....##.# #.#....#.# #
#....##.######†######.#
###....##.##......# #(#
.....####.##......#####.###
.#.#......##......#.......#
.#................#.......+
...#.###.....######.......#######


You could see an ogre.

Vanquished Creatures
  Sigmund (D:3)
  A scorpion (D:3)
  A hound (D:4)
  An orc priest (D:3)
  2 orc wizards (D:3)
  6 adders
  2 worms (D:2)
  A dart slug (D:2)
  2 giant geckos (D:3)
  6 orcs
  4 giant cockroaches
  8 goblins
  5 hobgoblins
  3 quokkas
  7 bats
  4 giant newts
  12 kobolds
  11 rats
77 creatures vanquished.

Notes
Turn   | Place    | Note
--------------------------------------------------------------
     0 | D:1      | warlockg3 the Troll Fighter began the quest for the Orb.
     0 | D:1      | Reached XP level 1. HP: 22/22 MP: 0/0
   169 | D:1      | Reached XP level 2. HP: 24/29 MP: 1/1
   763 | D:2      | Reached XP level 3. HP: 26/36 MP: 2/2
  1254 | D:3      | Reached XP level 4. HP: 42/44 MP: 3/3
  1421 | D:3      | Reached XP level 5. HP: 25/53 MP: 4/4
  1489 | D:3      | Noticed Sigmund
  1504 | D:3      | Killed Sigmund
  1504 | D:3      | Reached XP level 6. HP: 30/61 MP: 5/5
  2179 | D:4      | Found a stormy altar of Qazlal.
  2181 | D:4      | Found a shattered altar of Ashenzari.
  2220 | D:4      | HP: 2/61 [ogre/giant club (24)]
  2259 | D:4      | Slain by an ogre

Vault maps used:
D:1:      eino_arrival_cavern_d, serial_bayou_pond_e, minmay_distorted
D:3:      uniq_sigmund
D:4:      grunt_temple_overflow_open, minmay_temple_entry_statues, first_bread

Skill      XL: |  1  2  3  4  5  6 |
---------------+-------------------+-----
Dodging        | 3 4 |  4.7
Unarmed Combat | 3 4 |  4.0
Fighting       | 3 |  3.4
Stealth        | |  0.8
Shields        | |  2.7

Action                   |  1- 3 |  4- 6 || total
-------------------------+-------+-------++-------
Melee: Unarmed           |   141 |   127 ||   268
  Use: Potion            |       |     7 ||     7
       Scroll            |       |     1 ||     1
  Eat: Bread ration      |     2 |       ||     2
       Royal jelly       |       |     1 ||     1
       Chunk             |       |     4 ||     4
       Pizza             |       |     1 ||     1
Armor: Robe              |    42 |    31 ||    73
Dodge: Dodged            |    37 |    36 ||    73
Block: Shield            |    59 |    38 ||    97
